 Dungeon Crawl Stone Soup version 0.31-a0-590-g8a5a4361df (webtiles) character file.

Game seed: 14003895342920961817

53 Dirtsage the Changeling (level 3, 0/23 HPs)
             Began as an Octopode Shapeshifter on Aug 4, 2023.
             Succumbed to a kobold's poison
             ... on level 3 of the Dungeon on Aug 19, 2023.
             The game lasted 00:02:17 (1714 turns).

Dirtsage the Changeling (Octopode Shapeshifter)     Turns: 1714, Time: 00:02:18

Health: 0/23       AC:  1    Str: 16    XL:     3   Next: 89%
Magic:  3/3        EV: 13    Int: 10    God:
Gold:   157        SH:  0    Dex: 12    Spells: 2/2 levels left

rFire   . .          .
                       - Unarmed
rCold   . . .        (no shield)
rNeg    . . .        (helmet currently unavailable)
rPois   .            (no amulet)
rElec   .            (no ring)
rCorr   .            (no ring)
SInv    .            (no ring)
Will    .....        (no ring)
Stlth   ++           (no ring)
HPRegen 0.23/turn    (no ring)
MPRegen 0.08/turn    (no ring)
                     (no ring)

%: no passive effects
@: lethally poisoned (0 -> -1), beast-form
A: beast (slay +2), almost no armour, amphibious, 8 rings, camouflage 1,
gelatinous body 1, (nimble swimmer 1), tentacles
a: Begin Untransformation


You were on level 3 of the Dungeon.
You were a hulking beast.
You visited 1 branch of the dungeon, and saw 3 of its levels.

You collected 157 gold pieces.

Inventory:

Missiles
 c - a throwing net
Talismans
 b - a beast talisman (active)
Scrolls
 d - 7 scrolls of identify {unknown}
 f - 3 scrolls of teleportation {unknown}
 g - a scroll of enchant armour {unknown}
 l - a scroll of noise {unknown}
Potions
 a - 2 potions of lignification
 e - 2 potions of resistance {unknown}
 h - a potion of heal wounds {unknown}
 i - 2 potions of curing {unknown}
 j - a potion of magic {unknown}
 k - a potion of berserk rage {unknown}


   Skills:
 - Level 1.0 Fighting
 - Level 2.0 Dodging
 - Level 3.0 Unarmed Combat
 * Level 4.2 Shapeshifting


You had 2 spell levels left.
You didn't know any spells.
Your spell library contained the following spells:

 Spells                   Type           Power      Damage    Failure   Level
 Ensorcelled Hibernation  Hex/Ice        0%         N/A       50%         2
 Passwall                 Tmut/Erth      0%         N/A       50%         2
 Swiftness                Air            0%         N/A       75%         3


Dungeon Overview and Level Annotations

Branches:
Dungeon (3/15)

Altars:
Gozag


Innate Abilities, Weirdness & Mutations

You are a hulking beast.
Your limbs bulge with bestial killing power. (Slay +2)
You cannot wear most types of armour.
You are amphibious.
You can wear up to eight rings at the same time.
Your skin changes colour to match your surroundings (Stealth+).
Your rubbery body absorbs attacks. (AC +1, EV +1)
((You are camouflaged when in or above water. (Stealth+)))
You have tentacles for arms and can constrict up to eight enemies at once.


Message History

You kill the dart slug!
You feel sick.
The kobold throws a poisoned dart.
The poisoned dart hits you!
You are more poisoned.
You take 1 damage, and have 20/23 hp.
You feel very sick.
The kobold hits you with a +0 short sword.
You take 4 damage, and have 16/23 hp.
You tentacle-slap the kobold. Your grab misses the kobold.
The kobold is severely wounded.
You feel very sick.
The kobold hits you with a +0 short sword.
You take 7 damage, and have 9/23 hp.
MASSIVE DAMAGE!!
You are too injured to fight recklessly!
You are too injured to fight recklessly!
You are too injured to fight recklessly!
You tentacle-slap the kobold.
You kill the kobold!
You feel sick.
You take 2 damage, and have 7/23 hp.
* * * LOW HITPOINT WARNING * * *
You feel sick.
Things that are here:
a +0 short sword; 2 poisoned darts; a kobold corpse You take 2 damage, and have 5/23 hp.
* * * LOW HITPOINT WARNING * * *
You feel sick.
You take 2 damage, and have 3/23 hp.
* * * LOW HITPOINT WARNING * * *
You feel sick.
Things that are here:
a +0 short sword; 2 poisoned darts; a kobold corpse
* * * LOW HITPOINT WARNING * * *
You feel sick.
You take 1 damage, and have 2/23 hp.
* * * LOW HITPOINT WARNING * * *
You feel sick.
Things that are here:
a +0 short sword; 2 poisoned darts; a kobold corpse You take 1 damage, and have 1/23 hp.
You die...

.. ######.. ...####
###......# #.#...
##.h.## .# .....
#...).###.## #...
###...†...(..##.###...
.........#.#..##.......
.####.........# #...
###.##..#.# ###.
#.###.#.# #.. #.###.#.#
#.. ########....>..#
#..


There were no monsters in sight!

Vanquished Creatures
  3 worms
  2 dart slugs
  3 endoplasms (D:1)
  2 giant cockroaches
  3 goblins
  3 hobgoblins
  2 quokkas (D:1)
  4 ball pythons
  4 bats
  6 frilled lizards (D:1)
  7 kobolds
  2 rats
41 creatures vanquished.

Notes
Turn   | Place    | Note
-------+----------+-------------------------------------------
     0 | D:1      | Dirtsage the Octopode Shapeshifter began the quest for the
                  | Orb.
     0 | D:1      | Reached XP level 1. HP: 13/13 MP: 1/1
   173 | D:1      | Reached XP level 2. HP: 18/18 MP: 2/2
   657 | D:1      | Reached XP level 3. HP: 23/23 MP: 3/3
   847 | D:2      | Found an opulent altar of Gozag.
  1046 | D:2      | Reached skill level 4 in Shapeshifting
  1700 | D:3      | Saving game... please wait.
  1700 | D:3      | Upgraded the game from 0.31-a0-455-g1a7b003ef0 to
                  | 0.31-a0-590-g8a5a4361df
  1713 | D:3      | HP: 1/23 [poisoned by a kobold]
  1714 | D:3      | Succumbed to a kobold's poison

Illustrated notes

Levels and vault maps discovered:
D:1:      lightli_arrival_noodles, layout_loops_ring, minmay_lizard_pond
D:2:      layout_basic, basic_altar, hangedman_abyss_or_decor_stabs
D:3:      layout_loops_cross, ebering_ghost_inner_flame

Skill      XL: |  1  2  3 |
---------------+----------+-----
Shapeshifting  | 4 |  4.2
Fighting       | |  1.0
Dodging        | |  2.0
Unarmed Combat | |  3.0

Action                     || total
---------------------------++-------
  Melee: Unarmed           ||    93
         Constrict         ||    20
         Tentacles         ||     9
         Punch             ||     1
   Stab: Sleeping          ||     8
 Armour: Skin              ||     4
  Dodge: Dodged            ||    44

Table legend: (Time is in decaauts)
 A = Elapsed time spent in this place.
 B = Non-inter-level travel time spent in this place.
 C = Inter-level travel time spent in this place.
 D = Time resting spent in this place.
 E = Time spent auto-exploring this place.
 F = Levels seen in this place.
 G = Mean time per level.
                   A        B        C        D        E       F      G
               +--------+--------+--------+--------+--------+-----+--------+
         Total |   1708 |   1654 |     54 |      0 |   1381 |   3 |  569.3 |
       Dungeon |   1708 |   1654 |     54 |      0 |   1381 |   3 |  569.3 |
               +--------+--------+--------+--------+--------+-----+--------+

Top non-repeatable levels by time:
     D:1: 738 daAuts
     D:2: 584 daAuts
     D:3: 386 daAuts
